 Dungeon Crawl Stone Soup version 0.17-a0-1139-g49cbdf8 (console) character file.

1362 Monkaria the Carver (level 8, -8/54 HPs)
             Began as a Demonspawn Chaos Knight on May 26, 2015.
             Killed from afar by an electric eel (10 damage)
             ... with a bolt of electricity
             ... on level 6 of the Dungeon.
             The game lasted 00:11:47 (4606 turns).

Monkaria the Carver (Demonspawn Chaos Knight)       Turns: 4606, Time: 00:11:47

Health: -8/54      AC:  9    Str: 15    XL:     8   Next: 37%
Magic:  8/8        EV: 11    Int: 12    God:    Xom [.*....]
Gold:   146        SH:  0    Dex: 12    Spells: 0 memorised, 7 levels left

rFire  . . .     SeeInvis +     a - +0 falchion (chaos)
rCold  + . .     Clarity  .     b - +2 leather armour
rNeg   . . .     SustAt   .     (no shield)
rPois  +         Gourm    .     (helmet unavailable)
rElec  .         Spirit   .     (no cloak)
rCorr  .         Warding  .     u - +0 pair of gloves
rMut   .         Stasis   .     (no boots)
MR     .....                    (no amulet)
Stlth  +.........               (no ring)
                                e - -2 ring of intelligence (curse)

@: not resistant to hostile enchantments, very unstealthy
A: antennae 3, thin metallic scales 2, cold resistance 1, demonic guardian 1,
frail 1, poison resistance, powered by death 1, wild magic 1
a: Renounce Religion


You were on level 6 of the Dungeon.
You worshipped Xom.
You were a plaything of Xom.
You were not hungry.

You visited 1 branch of the dungeon, and saw 6 of its levels.

You collected 242 gold pieces.
You spent 96 gold pieces at shops.

Inventory:

Hand weapons
 a - a +0 falchion of chaos (weapon)
 C - a +0 long sword
Missiles
 s - 5 tomahawks (quivered)
Armour
 b - a +2 leather armour (worn)
 u - a +0 pair of gloves (worn)
Magical staves
 x - an uncursed staff of wizardry
 y - an uncursed staff of cold {unknown}
 E - an uncursed staff of power {unknown}
Jewellery
 e - a cursed -2 ring of intelligence (left hand)
Scrolls
 d - 2 scrolls of blinking {unknown}
 h - 2 scrolls of random uselessness {unknown}
 l - 2 scrolls of teleportation {unknown}
 n - 4 scrolls of identify {unknown}
 q - a scroll of fog {unknown}
 r - a scroll of enchant armour {unknown}
 w - 2 scrolls of fear {unknown}
 F - a scroll of immolation {unknown}
Potions
 g - 2 potions of lignification
 j - a potion of invisibility {unknown}
 m - a potion of berserk rage
 o - a potion of mutation {unknown}
 p - a potion of magic
 t - a potion of agility {unknown}
 v - 2 potions of brilliance
 z - 2 potions of heal wounds {unknown}
 A - a potion of ambrosia {unknown}
 B - a potion of curing {unknown}
Comestibles
 c - 6 bread rations
 f - 3 meat rations
 i - 3 beef jerkies
 k - a slice of pizza
 D - 4 chunks of flesh


   Skills:
 - Level 4.0 Fighting
 + Level 9.5 Long Blades
 - Level 1.7 Armour
 - Level 0.8 Dodging


You had 7 spell levels left.
You didn't know any spells.

Dungeon Overview and Level Annotations

Branches:
Dungeon (6/15)             Temple (0/1) D:4

Altars:
Gozag

Shops:
D:2 *   D:4 !   D:6 (=


Innate Abilities, Weirdness & Mutations

You have a pair of large antennae on your head (SInv).
You are mostly covered in thin metallic scales (AC +3).
A weak demonic guardian rushes to your aid.
You can steal the life force of nearby defeated enemies.
Your flesh is cold resistant.
You are frail (-10% HP).
Your system is resistant to poisons.
Your spells are a little harder to cast, but a little more powerful.


Message History

The electric eel shoots out a bolt of lightning at you!
The bolt of electricity hits you!
* * * LOW HITPOINT WARNING * * *
The kobold closely misses you.
Your iron imp closely misses the kobold.
Drink which item? (? for menu, Esc to quit)
Okay, then.
The electric eel shoots out a bolt of lightning at you!
The bolt of electricity hits you!
* * * LOW HITPOINT WARNING * * *
The kobold throws a stone.
The stone hits you but does no damage.
You see here a stone.
Drink which item? (? for menu, Esc to quit)
It was a potion of magic.
Magic courses through your body.
Xom asks Qazlal to spice things up a little.
Your iron imp hits the kobold!
The kobold dies!
The electric eel shoots out a bolt of lightning at you!
The bolt of electricity hits you!
You die...

{ { { {
################++#########
≈≈≈≈≈≈≈≈≈≈≈≈≈≈......≈≈≈≈≈≈≈
≈≈≈≈≈≈≈≈≈≈≈≈≈≈≈....≈≈;≈≈≈≈≈
≈≈≈≈≈≈≈≈≈≈≈≈≈≈....5(≈≈≈≈≈≈≈
..≈.≈..≈...≈≈≈.....≈..≈≈...
.................§.a.......
................@..........
.###.##........##(......###
## #............(..........
# ####..#####.##.#........
#######.....##.....###.....
...<..##.##.##.##.## #....
#####.##.##.......# .... #
#.##.......##.# ..
#####.########.....#


You could see a worker ant, an electric eel and a friendly iron imp.

Vanquished Creatures
  The ghost of Kisielow the Poker, an average MfSk of Yredelemnul (D:5)
  A human (D:4)
  A sky beast (D:5)
  An ice beast (D:6)
  A swamp drake (shapeshifter) (D:4)
  2 ogres
  Blork the orc (D:6)
  2 scorpions
  A quasit (D:5)
  A giant frog zombie (D:5)
  A giant frog skeleton (D:4)
  2 orc priests (D:3)
  5 orc wizards
  3 worker ants
  An iguana (D:5)
  A river rat (D:3)
  6 adders
  An adder zombie (D:5)
  A worm (D:4)
  7 giant geckos
  14 orcs
  12 bats
  A bat skeleton (D:4)
  3 giant cockroaches
  6 goblins
  6 hobgoblins
  4 jackals (D:3)
  A ball python (D:1)
  2 giant gecko skeletons (D:4)
  4 giant newts
  2 jackal skeletons (D:4)
  6 kobolds
  A quokka skeleton (D:4)
  9 rats
111 creatures vanquished.

Vanquished Creatures (collateral kills)
  A giant cockroach (D:6)
  A giant newt (D:5)
  A kobold (D:6)
  A rat (D:5)
4 creatures vanquished.

Vanquished Creatures (others)
  4 crimson imps
  2 quasits (D:5)
  An iron imp (D:6)
  A worker ant (D:4)
  A white imp (D:4)
  5 ufetubi
14 creatures vanquished.

Grand Total: 129 creatures vanquished

Notes
Turn   | Place    | Note
--------------------------------------------------------------
     0 | D:1      | Monkaria the Demonspawn Chaos Knight began the quest for the Orb.
     0 | D:1      | Reached XP level 1. HP: 18/18 MP: 1/1
   169 | D:1      | Gained mutation: You can steal the life force of nearby defeated enemies. [demonic ancestry]
   169 | D:1      | Reached XP level 2. HP: 24/24 MP: 2/2
   489 | D:1      | Reached skill level 4 in Fighting
   728 | D:2      | Gained mutation: You are partially covered in thin metallic scales (AC +2). [demonic ancestry]
   728 | D:2      | Reached XP level 3. HP: 20/30 MP: 3/3
   780 | D:2      | XOM: silly message
   873 | D:2      | XOM: divination: detect items
   888 | D:2      | XOM: divination: detect creatures
   897 | D:2      | Found an opulent altar of Gozag.
   900 | D:2      | Found Gozag's Platinum Reserve.
  1042 | D:3      | Reached XP level 4. HP: 28/37 MP: 4/4
  1168 | D:3      | Gained mutation: You have a pair of small antennae on your head. [demonic ancestry]
  1168 | D:3      | Reached XP level 5. HP: 36/42 MP: 5/5
  1192 | D:3      | XOM: silly message
  1476 | D:4      | Reached skill level 5 in Long Blades
  1722 | D:4      | XOM: divination: magic mapping
  1840 | D:4      | Found a staircase to the Ecumenical Temple.
  1980 | D:4      | Gained mutation: A weak demonic guardian rushes to your aid. [demonic ancestry]
  1980 | D:4      | Reached XP level 6. HP: 41/48 MP: 6/6
  2127 | D:4      | Found Nimiffyo's Distillery.
  2130 | D:4      | Bought a potion of degeneration for 12 gold pieces
  2130 | D:4      | Bought a potion of lignification for 36 gold pieces
  2130 | D:4      | Bought a potion of brilliance for 48 gold pieces
  2149 | D:4      | Noticed a steam dragon
  2149 | D:4      | a hound changed into a steam dragon
  2156 | D:4      | a steam dragon changed into a swamp drake
  2161 | D:4      | Reached skill level 6 in Long Blades
  2177 | D:4      | Gained mutation: You are agile. (Dex +2) [mutagenic meat]
  2178 | D:4      | Lost mutation: You are agile. (Dex +2) [mutagenic meat]
  2179 | D:4      | Gained mutation: Your system is resistant to poisons. [mutagenic meat]
  2180 | D:4      | Gained mutation: You have sharp fingernails. [mutagenic meat]
  2215 | D:4      | Noticed an ogre
  2223 | D:4      | Killed an ogre
  2334 | D:4      | XOM: colour smoke trail
  2693 | D:5      | Entered Level 5 of the Dungeon
  2693 | D:5      | Noticed Kisielow's ghost (average MfSk)
  2695 | D:5      | XOM: divination: detect items
  2720 | D:5      | XOM: polymorph white imp -> iron imp
  2837 | D:4      | XOM: give mutations
  2837 | D:4      | Gained mutation: You are frail (-10% HP). [Xom's mischief]
  2837 | D:4      | Gained mutation: You have a pair of antennae on your head. [Xom's mischief]
  2909 | D:4      | XOM: medium Pois miscast
  2975 | D:5      | XOM: potion effect (invisibility)
  2976 | D:5      | XOM: enchant monster (bad)
  3114 | D:4      | Noticed a human
  3114 | D:4      | an ice beast changed into a human
  3114 | D:4      | XOM: polymorph ice beast -> human
  3131 | D:4      | Killed a human
  3131 | D:4      | Reached skill level 7 in Long Blades
  3131 | D:4      | Gained mutation: You have a pair of large antennae on your head (SInv). [demonic ancestry]
  3131 | D:4      | Reached XP level 7. HP: 14/48 MP: 7/7
  3391 | D:5      | Killed Kisielow's ghost
  3436 | D:5      | Reached skill level 8 in Long Blades
  3669 | D:5      | XOM: harmless Divn miscast
  3783 | D:5      | XOM: confusion
  3787 | D:5      | Gained mutation: You are mostly covered in thin metallic scales (AC +3). [demonic ancestry]
  3787 | D:5      | Reached XP level 8. HP: 28/54 MP: 8/8
  4045 | D:5      | Reached skill level 9 in Long Blades
  4062 | D:5      | XOM: enchant monster (bad)
  4090 | D:5      | Gained mutation: Your spells are a little harder to cast, but a little more powerful. [mutagenic meat]
  4093 | D:5      | Gained mutation: Your flesh is cold resistant. [mutagenic meat]
  4143 | D:5      | Found an opulent altar of Gozag.
  4387 | D:6      | Found Ezujou's Jewellery Shoppe.
  4388 | D:6      | XOM: give mutations
  4388 | D:6      | Gained mutation: Armour fits poorly on your strangely shaped body. [Xom's mischief]
  4388 | D:6      | Lost mutation: Armour fits poorly on your strangely shaped body. [Xom's mischief]
  4388 | D:6      | Lost mutation: You have sharp fingernails. [Xom's mischief]
  4441 | D:6      | Found Loytul's Antique Weapon Shop.
  4449 | D:6      | Noticed Blork the orc
  4464 | D:6      | Killed Blork the orc
  4540 | D:6      | XOM: summons 2 hostile shadow creatures
  4604 | D:6      | HP: 1/54 [electric eel/bolt of electricity (9)]
  4605 | D:6      | XOM: chaos cloud
  4606 | D:6      | Killed from afar by an electric eel

Vault maps used:
D:1:      co_arrival_random_square_maze
D:2:      nicolae_gozag_zags_fifth_avenue
D:4:      minmay_temple_entry_fiery, serial_shops, shop, st_stairs_14
D:5:      lemuel_doored_altar, first_bread
D:6:      minmay_goblin_kobold_castle, serial_shops, shop, shop,
          nicolae_shop_trees, uniq_blork_the_orc, uniq_duvessa

Action                   |  1- 3 |  4- 6 |  7- 9 || total
-------------------------+-------+-------+-------++-------
Melee: Falchion          |   116 |   190 |   194 ||   500
Throw: Tomahawk          |       |       |     4 ||     4
  Use: Potion            |       |       |     4 ||     4
 Stab: Paralysed         |     1 |     1 |     4 ||     6
       Petrifying        |       |     1 |       ||     1
       Petrified         |       |       |     1 ||     1
  Eat: Chunk             |       |    10 |    11 ||    21
